 Dungeon Crawl Stone Soup version 0.29.0-4-gdea44cf6ec (webtiles) character file.

Game seed: 14105617056524504972

43864 qw the Brawler (level 13, -4/130 HPs)
             Began as a Troll Cinder Acolyte on Sept 2, 2022.
             Was an Elder of Okawaru.
             Slain by a death yak (11 damage)
             ... on level 5 of the Lair of Beasts.
             The game lasted 00:08:09 (15662 turns).

qw the Brawler (Troll Cinder Acolyte)              Turns: 15662, Time: 00:08:09

Health: -4/130     AC: 11    Str: 27 (29) XL:     13   Next: 93%
Magic:  15/15      EV: 12    Int: 10      God:    Okawaru [****..]
Gold:   841        SH:  9    Dex: 11      Spells: 14/14 levels left

rFire   . . .      SeeInvis .     - Unarmed
rCold   . . .      Faith    .   (no shield)
rNeg    . . .      Spirit   .   l - +0 acid dragon scales
rPois   +          Reflect  +   (helmet restricted)
rElec   .          Harm     .   c - +0 cloak
rCorr   +          Rampage  .   (gloves unavailable)
Will    .....                   (boots unavailable)
Stlth   ++........              p - amulet "Ucsusmuth" {Reflect *Slow rPois Regen+ rCorr SH+5}
HPRegen 1.91/turn               g - +6 ring of dexterity
MPRegen 0.14/turn               e - +4 ring of slaying {mikee}

@: about to teleport, heroic, fire susceptible
A: large, unfitting armour, claws 3, regeneration 1, shaggy fur 1, tough skin 1,
antennae 1, fangs 1, talons 1, large bone plates 1, deterioration 1
a: Renounce Religion, Heroism, Finesse


You were on level 5 of the Lair of Beasts.
You worshipped Okawaru.
Okawaru was greatly pleased with you.
You visited 3 branches of the dungeon, and saw 17 of its levels.

You collected 1153 gold pieces.
You spent 312 gold pieces at shops.


Innate Abilities, Weirdness & Mutations

You are too large for most types of armour.
You have claws for hands.
Your natural rate of healing is unusually fast.
You are covered in fur. (AC +1)
You have tough skin. (AC +1)
You have a pair of small antennae on your head.
You have very sharp teeth.
You have sharp toenails.
You are partially covered in large bone plates. (SH +4)
Your body sometimes deteriorates upon taking damage.


   Skills:
 + Level 8.8(13.8) Fighting
 - Level 8.0(13.0) Throwing
 - Level 3.0(8.0) Armour
 - Level 4.0(9.0) Dodging
 - Level 19.0(24.0) Unarmed Combat
 - Level 1.0 Spellcasting
 - Level 2.1 Fire Magic
 + Level 4.1 Invocations


You had 14 spell levels left.
You didn't know any spells.
Your spell library contained the following spells:

 Spells                   Type           Power      Damage    Failure   Level
 Scorch                   Fire           8%         2d5       26%         2

Inventory:

Missiles
 j - 3 boomerangs
 m - 5 javelins
 n - 4 large rocks (quivered)
Armour
 c - a +0 cloak (worn)
 l - +0 acid dragon scales (worn)
Jewellery
 e - a +4 ring of slaying (right claw) {mikee}
 g - a +6 ring of dexterity (left claw)
 p - the amulet "Ucsusmuth" (around neck) {Reflect *Slow rPois Regen+ rCorr SH+5}
   (You acquired it on level 4 of the Lair of Beasts)

   [amulet of reflection]

   It reflects blocked missile attacks.
   rPois:     It protects you from poison.
   Regen:     It increases your rate of health regeneration.
   rCorr:     It protects you from acid and corrosion.
   *Slow:     It may slow you when you take damage.
   SH:        It affects your SH (+5).
Scrolls
 h - 4 scrolls of teleportation
 i - 8 scrolls of identify
 k - 4 scrolls of enchant weapon
Potions
 a - 2 potions of might
 b - 2 potions of mutation
 d - 8 potions of curing
 f - 2 potions of haste
 o - a potion of resistance
 q - 2 potions of heal wounds

Dungeon Overview and Level Annotations

Branches:
Dungeon (11/15)            Temple (1/1) D:5            Lair (5/5) D:11
  Swamp (0/4) Lair:3        Snake (0/4) Lair:3        Slime (0/5) Lair:4
    Orc (0/2) D:10

Altars:
Ashenzari
Cheibriados
Dithmenos
Elyvilon
Fedhas
Gozag
Hepliaklqana
Kikubaaqudgha
Makhleb
Nemelex Xobeh
Okawaru
Qazlal
Ru
Sif Muna
Trog
Wu Jian
Yredelemnul
Zin
The Shining One

Shops:
D:4 (   D:5 [   D:7 *

Portals:
Abyss: D:3

Annotations:
D:3 2 transporters, Qajiuf's ghost, amateur TeWr
D:5 1 runed translucent door, qw's ghost, novice TrCA
D:6 3 runed translucent doors, qw's ghost, novice TrCA
Lair:2 3 runed translucent doors, qw's ghost, journeyman TrCA
Lair:4 1 runed translucent door


Message History

A blink frog comes into view.
You eviscerate the death yak!!!
You kill the death yak!
Okawaru is honoured by your kill.
You can now speed up your combat.
The death yak gores you! You block the elephant's attack. x2
You block the death yak's attack.
You mangle the death yak!!
You claw the death yak, but do no damage.
You bite the death yak.
The death yak is heavily wounded.
You hear a loud, deep croak!
You claw the death yak!
You claw the death yak, but do no damage.
You bite the death yak.
The death yak is severely wounded.
You block the elephant's attack. x2
The death yak gores you but does no damage.
The death yak completely misses you.
The death yak gores you but does no damage.
You scratch the death yak but do no damage.
You claw the death yak, but do no damage.
You claw the death yak!!
You kill the death yak!
Okawaru is honoured by your kill.
The blink frog blinks!
You mangle the death yak!! You claw the death yak. You claw the death yak!!
The death yak is heavily wounded.
The death yak gores you!!
Your body deteriorates!
You feel weakened. You block the elephant's attack.
The elephant trunk-slaps you but does no damage.
The death yak barely misses you.
15662 ||| READING 5 scrolls of teleportation.
As you read the scroll of teleportation, it crumbles to dust.
You feel strangely unstable. You block the death yak's attack.
The elephant tramples you.
You hold your ground!
You block the elephant's attack. The death yak gores you!!
Your body deteriorates!
You feel weakened. The death yak gores you!
You die...

##### #####.Y@###
......YYYF# #######
#..#.##FF####.P.#.##
. # #....$.YY....###
#........%#.P.PP#
#PP###.###%Y....###
#### ### #..!.....#
##Y....... #.#%...#.


You could see 3 death yaks, an elephant and 3 blink frogs.

Vanquished Creatures
  6 hydras
  4 boulder beetles
  A two-headed ogre (D:11)
  12 death yaks
  An oklob plant (Lair:2)
  2 cyclopes
  A will-o-the-wisp (Lair:3)
  8 elephants
  3 black mambas (Lair:2)
  Maggie (D:8)
  5 torpor snails (Lair:2)
  6 rime drakes
  Psyche (D:9)
  10 cane toads
  An efreet (D:9)
  8 komodo dragons
  2 trolls (D:11)
  5 blink frogs (Lair:3)
  4 slime creatures (D:11)
  A wyvern (D:8)
  A wraith (D:11)
  40 yaks
  4 basilisks
  10 fire elementals
  Grum (D:10)
  3 vampire mosquitoes (D:10)
  2 wargs (D:10)
  An acid dragon (D:9)
  7 water moccasins
  A naga (Lair:3)
  3 ice beasts
  7 orc warriors
  A black bear (Lair:4)
  An ogre (D:6)
  7 centaurs
  11 wolves
  3 phantoms
  Blork the orc (D:6)
  2 kobold brigands
  17 bullfrogs
  A scorpion (D:5)
  5 wights
  4 killer bees (D:10)
  2 electric eels (D:11)
  3 howler monkeys
  8 crimson imps (D:11)
  3 orc priests
  8 hounds
  4 jellies
  2 gnoll boudas
  7 iguanas
  6 orc wizards
  16 adders
  10 gnolls
  2 river rats (D:3)
  2 shadow imps
  A white imp (D:11)
  4 worms
  4 dart slugs
  36 orcs
  11 ball pythons
  9 bats
  6 endoplasms
  4 giant cockroaches
  5 hobgoblins
  6 jackals
  5 quokkas
  9 frilled lizards
  3 goblins
  19 kobolds
  7 rats
417 creatures vanquished.

Vanquished Creatures (others)
  7 fungi
  23 plants
  9 toadstools (Lair:4)
  2 withered plants (D:6)
41 creatures vanquished.

Grand Total: 458 creatures vanquished

Notes
Turn   | Place    | Note
-------+----------+-------------------------------------------
     0 | D:1      | qw the Troll Cinder Acolyte began the quest for the Orb.
     0 | D:1      | Reached XP level 1. HP: 22/22 MP: 1/1
     0 | D:1      | 0 ||| qw: Version: 0.1-a-97-g2dd2ca4
     0 | D:1      | 0 ||| qw: Game counter: 4984
     0 | D:1      | 0 ||| qw: Always use a shield: true
     0 | D:1      | 0 ||| qw: God list: Okawaru
     0 | D:1      | 0 ||| qw: Allow faded altars: false
     0 | D:1      | 0 ||| qw: Do Orc after D:15 true
     0 | D:1      | 0 ||| qw: Do second Lair branch before Depths: true
     0 | D:1      | 0 ||| qw: Lair rune preference: random
     0 | D:1      | 0 ||| qw: Plans: Normal
     0 | D:1      | 0 ||| PLANNING D:1-11
    77 | D:1      | 77 ||| READING scroll labelled TAPROJALOMU.
    79 | D:1      | 79 ||| Stepping randomly (stuck).
    81 | D:1      | 81 ||| Stepping randomly (stuck).
    82 | D:1      | 82 ||| Stepping randomly (stuck).
    83 | D:1      | 83 ||| Stepping randomly (stuck).
   144 | D:1      | Reached XP level 2. HP: 29/29 MP: 2/2
   288 | D:1      | Found a faded altar of an unknown god.
   445 | D:1      | Reached skill level 4 in Unarmed Combat
   750 | D:1      | 750 ||| READING scroll labelled KUODWI DOZXEPT.
   751 | D:1      | 751 ||| READING scroll labelled VOVEERA SEXZOM.
   765 | D:1      | 765 ||| READING scroll labelled COGHIVV QEBO.
   766 | D:1      | 766 ||| READING scroll labelled TUTOTU ZOUWI.
   767 | D:1      | 767 ||| READING scroll labelled SUOKOSETUTYI.
   911 | D:2      | Reached XP level 3. HP: 22/36 MP: 3/3
  1020 | D:2      | 1020 ||| FLEEEEING.
  1021 | D:2      | 1021 ||| FLEEEEING.
  1022 | D:2      | 1022 ||| FLEEEEING.
  1023 | D:2      | 1023 ||| FLEEEEING.
  1249 | D:2      | Reached XP level 4. HP: 44/44 MP: 4/4
  1304 | D:2      | Reached skill level 5 in Unarmed Combat
  1727 | D:2      | 1727 ||| UPGRADING to +0 cloak.
  1732 | D:2      | 1732 ||| READING scroll labelled USAOPU SILEBE.
  1733 | D:2      | 1733 ||| READING scroll labelled UREISA MEVEBUR.
  1734 | D:2      | 1734 ||| READING 3 scrolls labelled JAITEDGHISO.
  1738 | D:2      | 1738 ||| READING scroll labelled JUUNIH QOMO.
  1739 | D:2      | 1739 ||| READING 2 scrolls of identify.
  1739 | D:2      | 1739 ||| IDENTIFYING black potion
  1748 | D:3      | 1748 ||| PLANNING SEWER
  1766 | D:3      | Found a transporter.
  1863 | D:3      | 1863 ||| Stepping ~*~*~tactically~*~*~ (outnumbered).
  2019 | D:3      | 2019 ||| Stepping ~*~*~tactically~*~*~ (stealth).
  2027 | D:3      | 2027 ||| Stepping ~*~*~tactically~*~*~ (stealth).
  2140 | D:3      | 2140 ||| Stepping ~*~*~tactically~*~*~ (stealth).
  2142 | D:3      | 2142 ||| Stepping ~*~*~tactically~*~*~ (hiding).
  2144 | D:3      | 2144 ||| Stepping ~*~*~tactically~*~*~ (outnumbered).
  2159 | D:3      | Reached XP level 5. HP: 34/50 MP: 5/5
  2160 | D:3      | Reached skill level 6 in Unarmed Combat
  2228 | D:3      | 2228 ||| INVOKING Fiery Armour.
  2231 | D:3      | HP: 7/50 [iguana (11)]
  2232 | D:3      | 2232 ||| READING 3 scrolls of teleportation.
  2236 | D:3      | Reached skill level 1 in Throwing
  2297 | D:3      | Found a one-way gate to the infinite horrors of the Abyss.
  2297 | D:3      | Noticed Qajiuf's ghost (amateur TeWr)
  2323 | D:3      | 2323 ||| Stepping ~*~*~tactically~*~*~ (stealth).
  2393 | D:3      | 2393 ||| RIP SEWER
  2398 | D:3      | Identified the +3 sling of the Other Side {freeze, rPois
                  | rF++ Will+ Str-4}
  2399 | D:3      | 2399 ||| PLANNING D:1-11
  2399 | D:3      | 2399 ||| Stepping ~*~*~tactically~*~*~ (hiding).
  2538 | D:3      | Found a transporter.
  2876 | D:3      | Reached XP level 6. HP: 57/59 MP: 6/6
  2892 | D:3      | 2892 ||| UPGRADING to +6 ring of dexterity.
  3000 | D:4      | 3000 ||| Stepping ~*~*~tactically~*~*~ (stealth).
  3069 | D:4      | 3069 ||| Stepping ~*~*~tactically~*~*~ (stealth).
  3070 | D:4      | 3070 ||| Stepping ~*~*~tactically~*~*~ (stealth).
  3079 | D:4      | Reached skill level 1 in Dodging
  3310 | D:4      | 3310 ||| Stepping ~*~*~tactically~*~*~ (stealth).
  3314 | D:4      | 3314 ||| Stepping ~*~*~tactically~*~*~ (stealth).
  3341 | D:4      | 3341 ||| Stepping ~*~*~tactically~*~*~ (stealth).
  3342 | D:4      | 3342 ||| Stepping ~*~*~tactically~*~*~ (stealth).
  3344 | D:4      | 3344 ||| Stepping ~*~*~tactically~*~*~ (stealth).
  3463 | D:4      | Found Voavuwy's Antique Weapon Shoppe.
  3805 | D:4      | 3805 ||| DRINKING 2 fizzy sapphire potions.
  3805 | D:4      | Gained mutation: You have sharp toenails. [potion of
                  | mutation]
  3805 | D:4      | Gained mutation: You are partially covered in large bone
                  | plates. (SH +4) [potion of mutation]
  3805 | D:4      | Gained mutation: Your body sometimes deteriorates upon
                  | taking damage. [potion of mutation]
  3805 | D:4      | Gained mutation: You have hidden genetic potential. [potion
                  | of mutation]
  3806 | D:4      | 3806 ||| READING 3 scrolls of identify.
  3806 | D:4      | 3806 ||| IDENTIFYING pink potion
  3807 | D:4      | 3807 ||| READING 2 scrolls of identify.
  3807 | D:4      | 3807 ||| IDENTIFYING inky potion
  3808 | D:4      | 3808 ||| DROPPING potion of magic.
  3831 | D:5      | Entered Level 5 of the Dungeon
  3887 | D:5      | Found Umaqak's Antique Armour Emporium.
  3944 | D:5      | Found a staircase to the Ecumenical Temple.
  3973 | D:5      | 3973 ||| Stepping ~*~*~tactically~*~*~ (hiding).
  4004 | D:5      | Reached skill level 7 in Unarmed Combat
  4030 | D:5      | Found a runed translucent door.
  4030 | D:5      | Noticed qw's ghost (novice TrCA)
  4081 | D:5      | Noticed an ice beast
  4098 | D:5      | Killed an ice beast
  4099 | D:5      | Reached XP level 7. HP: 50/66 MP: 7/7
  4160 | D:5      | 4160 ||| Stepping ~*~*~tactically~*~*~ (outnumbered).
  4161 | D:5      | 4161 ||| Stepping ~*~*~tactically~*~*~ (outnumbered).
  4162 | D:5      | 4162 ||| Stepping ~*~*~tactically~*~*~ (outnumbered).
  4240 | D:5      | 4240 ||| Stepping ~*~*~tactically~*~*~ (hiding).
  4255 | D:5      | Reached skill level 8 in Unarmed Combat
  4337 | D:5      | 4337 ||| Stepping ~*~*~tactically~*~*~ (stealth).
  4340 | D:5      | 4340 ||| INVOKING Fiery Armour.
  4345 | D:5      | 4345 ||| Stepping ~*~*~tactically~*~*~ (outnumbered).
  4347 | D:5      | Gained mutation: You have a pair of small antennae on your
                  | head. [hidden potential]
  4350 | D:5      | Reached skill level 3 in Fighting
  4495 | D:5      | 4495 ||| UPGRADING to +4 ring of slaying {mikee}.
  4496 | D:5      | 4496 ||| READING scroll labelled ZIAJEBB DUQO.
  4497 | D:5      | 4497 ||| READING scroll labelled ECZIPR HOMELL.
  4498 | D:5      | 4498 ||| DRINKING 2 fizzy white potions.
  4499 | D:5      | 4499 ||| READING 2 scrolls of identify.
  4499 | D:5      | 4499 ||| IDENTIFYING fuming orange potion
  4500 | D:5      | 4500 ||| DROPPING potion of flight.
  4501 | D:5      | 4501 ||| DROPPING potion of brilliance.
  4524 | D:6      | Noticed Blork the orc
  4533 | D:6      | Killed Blork the orc
  4553 | D:6      | Reached skill level 9 in Unarmed Combat
  4587 | D:6      | Reached XP level 8. HP: 74/75 MP: 8/8
  4671 | D:6      | Gained mutation: You have very sharp teeth. [hidden
                  | potential]
  4671 | D:6      | Lost mutation: You have hidden genetic potential. [hidden
                  | potential expressed]
  4881 | D:6      | 4881 ||| Stepping ~*~*~tactically~*~*~ (stealth).
  4882 | D:6      | 4882 ||| Stepping ~*~*~tactically~*~*~ (stealth).
  4883 | D:6      | 4883 ||| Stepping ~*~*~tactically~*~*~ (stealth).
  4888 | D:6      | Reached skill level 10 in Unarmed Combat
  4948 | D:6      | 4948 ||| FLEEEEING.
  4949 | D:6      | 4949 ||| FLEEEEING.
  4950 | D:6      | 4950 ||| FLEEEEING.
  4951 | D:6      | 4951 ||| FLEEEEING.
  4953 | D:6      | 4953 ||| FLEEEEING.
  4954 | D:6      | 4954 ||| FLEEEEING.
  4955 | D:6      | 4955 ||| FLEEEEING.
  4958 | D:6      | 4958 ||| FLEEEEING.
  4959 | D:6      | 4959 ||| FLEEEEING.
  4960 | D:6      | 4960 ||| FLEEEEING.
  4961 | D:6      | 4961 ||| FLEEEEING.
  4962 | D:6      | 4962 ||| FLEEEEING.
  4963 | D:6      | 4963 ||| FLEEEEING.
  4964 | D:6      | 4964 ||| FLEEEEING.
  4965 | D:6      | 4965 ||| FLEEEEING.
  4966 | D:6      | 4966 ||| FLEEEEING.
  5299 | D:6      | Found a runed translucent gate.
  5300 | D:6      | Found a runed translucent gate.
  5301 | D:6      | Found a runed translucent gate.
  5301 | D:6      | Noticed qw's ghost (novice TrCA)
  5301 | D:6      | Noticed qw's ghost (novice TrCA)
  5302 | D:6      | Noticed qw's ghost (novice TrCA)
  5304 | D:6      | Noticed qw's ghost (novice TrCA)
  5307 | D:6      | 5307 ||| READING scroll labelled TEMUGI SEF.
  5308 | D:6      | 5308 ||| READING scroll labelled NINGUI IVAFF.
  5309 | D:6      | 5309 ||| DRINKING 2 fizzy puce potions.
  5410 | D:6      | 5410 ||| DROPPING potion of ambrosia.
  5436 | D:7      | 5436 ||| Stepping ~*~*~tactically~*~*~ (hiding).
  5440 | D:7      | 5440 ||| DRINKING 4 potions of curing.
  5440 | D:7      | 5440 ||| (to cure confusion)
  5448 | D:7      | 5448 ||| FLEEEEING.
  5449 | D:7      | 5449 ||| FLEEEEING.
  5479 | D:7      | 5479 ||| INVOKING Fiery Armour.
  5543 | D:7      | 5543 ||| Stepping ~*~*~tactically~*~*~ (hiding).
  5645 | D:7      | 5645 ||| Stepping ~*~*~tactically~*~*~ (hiding).
  5646 | D:7      | 5646 ||| Stepping ~*~*~tactically~*~*~ (hiding).
  5651 | D:7      | 5651 ||| INVOKING Fiery Armour.
  5655 | D:7      | 5655 ||| Stepping ~*~*~tactically~*~*~ (outnumbered).
  5656 | D:7      | 5656 ||| Stepping ~*~*~tactically~*~*~ (outnumbered).
  5750 | D:7      | Noticed a cyclops
  5763 | D:7      | Killed a cyclops
  5764 | D:7      | Reached skill level 11 in Unarmed Combat
  5764 | D:7      | Reached XP level 9. HP: 61/84 MP: 9/9
  5764 | D:7      | 5764 ||| FLEEEEING.
  5765 | D:7      | 5765 ||| FLEEEEING.
  5795 | D:7      | 5795 ||| Stepping ~*~*~tactically~*~*~ (stealth).
  5797 | D:7      | 5797 ||| Stepping ~*~*~tactically~*~*~ (stealth).
  6003 | D:7      | 6003 ||| Stepping ~*~*~tactically~*~*~ (hiding).
  6005 | D:7      | 6005 ||| Stepping ~*~*~tactically~*~*~ (hiding).
  6021 | D:7      | 6021 ||| Stepping ~*~*~tactically~*~*~ (stealth).
  6023 | D:7      | 6023 ||| Stepping ~*~*~tactically~*~*~ (hiding).
  6061 | D:7      | 6061 ||| Stepping ~*~*~tactically~*~*~ (stealth).
  6097 | D:7      | Found Mated's Hallowed Reliquary.
  6101 | D:7      | Noticed an angel
  6106 | D:7      | 6106 ||| BUYING 2 potions of curing (78 gold).
  6106 | D:7      | Bought 2 potions of curing for 78 gold pieces
  6106 | D:7      | 6106 ||| BUYING 2 potions of heal wounds (130 gold).
  6106 | D:7      | Bought 2 potions of heal wounds for 130 gold pieces
  6106 | D:7      | 6106 ||| BUYING potion of curing (39 gold).
  6106 | D:7      | Bought a potion of curing for 39 gold pieces
  6106 | D:7      | 6106 ||| BUYING potion of heal wounds (65 gold).
  6106 | D:7      | Bought a potion of heal wounds for 65 gold pieces
  6106 | D:7      | 6106 ||| SHOPLISTING potion of heal wounds (65 gold, have
                  | 31).
  6128 | D:7      | Found a shadowy altar of Dithmenos.
  6128 | D:7      | Found an ancient bone altar of Kikubaaqudgha.
  6222 | D:7      | Reached skill level 3 in Throwing
  6521 | D:7      | 6521 ||| UPGRADING to +2 robe of willpower.
  6531 | D:7      | 6531 ||| DROPPING +0 robe.
  6532 | D:7      | 6532 ||| READING scroll labelled XOMO DIAMEONK.
  6533 | D:7      | 6533 ||| DRINKING 2 clear potions.
  6534 | D:7      | 6534 ||| READING 2 scrolls of identify.
  6534 | D:7      | 6534 ||| IDENTIFYING red potion
  6535 | D:7      | 6535 ||| DROPPING potion of attraction.
  6536 | D:7      | 6536 ||| DROPPING potion of invisibility.
  6603 | D:8      | 6603 ||| STAIRDANCE
  6638 | D:8      | Reached skill level 12 in Unarmed Combat
  6709 | D:8      | 6709 ||| READING 7 scrolls of teleportation.
  6711 | D:8      | 6711 ||| FLEEEEING.
  6711 | D:8      | Found the +3 pair of gauntlets of War {Slay+5}
  6712 | D:8      | 6712 ||| READING 6 scrolls of teleportation.
  6734 | D:8      | 6734 ||| Stepping ~*~*~tactically~*~*~ (hiding).
  6744 | D:8      | 6744 ||| FLEEEEING.
  6745 | D:8      | 6745 ||| FLEEEEING.
  6746 | D:8      | 6746 ||| FLEEEEING.
  6747 | D:8      | 6747 ||| FLEEEEING.
  6902 | D:8      | Noticed Maggie
  6908 | D:8      | Killed Maggie
  6923 | D:8      | 6923 ||| Stepping ~*~*~tactically~*~*~ (stealth).
  6925 | D:8      | 6925 ||| Stepping ~*~*~tactically~*~*~ (hiding).
  7289 | D:8      | 7289 ||| DROPPING +1 robe of cold resistance.
  7290 | D:8      | 7290 ||| READING 3 scrolls of identify.
  7290 | D:8      | 7290 ||| IDENTIFYING silvery potion
  7291 | D:8      | 7291 ||| DROPPING potion of degeneration.
  7360 | D:9      | Reached XP level 10. HP: 70/96 MP: 10/10
  7504 | D:9      | 7504 ||| FLEEEEING.
  7505 | D:9      | 7505 ||| FLEEEEING.
  7506 | D:9      | 7506 ||| FLEEEEING.
  7507 | D:9      | 7507 ||| FLEEEEING.
  7516 | D:9      | 7516 ||| STAIRDANCE
  7643 | D:9      | 7643 ||| Stepping ~*~*~tactically~*~*~ (stealth).
  7645 | D:9      | 7645 ||| INVOKING Fiery Armour.
  7652 | D:9      | 7652 ||| Stepping ~*~*~tactically~*~*~ (outnumbered).
  7653 | D:9      | 7653 ||| Stepping ~*~*~tactically~*~*~ (outnumbered).
  7654 | D:9      | 7654 ||| Stepping ~*~*~tactically~*~*~ (outnumbered).
  7655 | D:9      | 7655 ||| Stepping ~*~*~tactically~*~*~ (hiding).
  7657 | D:9      | 7657 ||| Stepping ~*~*~tactically~*~*~ (outnumbered).
  7658 | D:9      | 7658 ||| Stepping ~*~*~tactically~*~*~ (outnumbered).
  7659 | D:9      | 7659 ||| Stepping ~*~*~tactically~*~*~ (outnumbered).
  7661 | D:9      | 7661 ||| Stepping ~*~*~tactically~*~*~ (hiding).
  7663 | D:9      | 7663 ||| Stepping ~*~*~tactically~*~*~ (outnumbered).
  7664 | D:9      | 7664 ||| Stepping ~*~*~tactically~*~*~ (outnumbered).
  7665 | D:9      | 7665 ||| Stepping ~*~*~tactically~*~*~ (outnumbered).
  7667 | D:9      | Reached skill level 13 in Unarmed Combat
  7667 | D:9      | 7667 ||| FLEEEEING.
  7668 | D:9      | 7668 ||| FLEEEEING.
  7669 | D:9      | 7669 ||| FLEEEEING.
  7670 | D:9      | 7670 ||| FLEEEEING.
  7671 | D:9      | 7671 ||| FLEEEEING.
  7672 | D:9      | 7672 ||| FLEEEEING.
  7673 | D:9      | 7673 ||| FLEEEEING.
  7674 | D:9      | 7674 ||| FLEEEEING.
  7675 | D:9      | 7675 ||| FLEEEEING.
  7677 | D:9      | 7677 ||| Stepping ~*~*~tactically~*~*~ (outnumbered).
  7678 | D:9      | 7678 ||| STAIRDANCE
  7682 | D:8      | Reached skill level 1 in Armour
  7706 | D:8      | 7706 ||| DROPPING +1 steam dragon scales.
  7707 | D:8      | 7707 ||| UPGRADING to +0 acid dragon scales.
  7717 | D:8      | 7717 ||| DROPPING +2 robe of willpower.
  7721 | D:9      | 7721 ||| STAIRDANCE
  7724 | D:8      | 7724 ||| Stepping ~*~*~tactically~*~*~ (outnumbered).
  7764 | D:9      | 7764 ||| STAIRDANCE
  7963 | D:9      | Noticed Psyche
  7968 | D:9      | Killed Psyche
  8048 | D:10     | Entered Level 10 of the Dungeon
  8057 | D:10     | 8057 ||| Stepping ~*~*~tactically~*~*~ (hiding).
  8058 | D:10     | 8058 ||| Stepping ~*~*~tactically~*~*~ (hiding).
  8292 | D:10     | 8292 ||| Stepping ~*~*~tactically~*~*~ (stealth).
  8317 | D:10     | 8317 ||| Stepping ~*~*~tactically~*~*~ (stealth).
  8320 | D:10     | Identified the +2 robe of the Black Moon {rN+ rCorr Dex+2}
  8324 | D:10     | 8324 ||| Stepping ~*~*~tactically~*~*~ (hiding).
  8328 | D:10     | 8328 ||| Stepping ~*~*~tactically~*~*~ (hiding).
  8330 | D:10     | 8330 ||| Stepping ~*~*~tactically~*~*~ (hiding).
  8350 | D:10     | 8350 ||| Stepping ~*~*~tactically~*~*~ (stealth).
  8352 | D:10     | 8352 ||| DRINKING 8 potions of curing.
  8352 | D:10     | 8352 ||| (to cure confusion)
  8353 | D:10     | 8353 ||| Stepping ~*~*~tactically~*~*~ (hiding).
  8355 | D:10     | 8355 ||| Stepping ~*~*~tactically~*~*~ (hiding).
  8632 | D:10     | 8632 ||| FLEEEEING.
  8633 | D:10     | 8633 ||| FLEEEEING.
  8634 | D:10     | 8634 ||| FLEEEEING.
  8641 | D:10     | 8641 ||| STAIRDANCE
  8656 | D:9      | 8656 ||| READING 5 scrolls of identify.
  8656 | D:9      | 8656 ||| IDENTIFYING metallic blue potion
  8662 | D:10     | Reached skill level 14 in Unarmed Combat
  8679 | D:10     | Noticed Grum
  8680 | D:10     | 8680 ||| INVOKING Fiery Armour.
  8685 | D:10     | Killed Grum
  8711 | D:10     | Reached skill level 3 in Dodging
  8743 | D:10     | Found a staircase to the Orcish Mines.
  8757 | D:10     | 8757 ||| Stepping ~*~*~tactically~*~*~ (stealth).
  8808 | D:10     | 8808 ||| Stepping ~*~*~tactically~*~*~ (hiding).
  8862 | D:10     | You fall into a shaft and drop 1 floor!
  8871 | D:11     | Noticed a boulder beetle
  8872 | D:11     | 8872 ||| INVOKING Fiery Armour.
  8880 | D:11     | Killed a boulder beetle
  8881 | D:11     | Reached skill level 6 in Fighting
  8881 | D:11     | Reached XP level 11. HP: 55/105 MP: 11/11
  8932 | D:11     | Noticed a two-headed ogre
  8936 | D:11     | Killed a two-headed ogre
  9289 | D:11     | 9289 ||| INVOKING Fiery Armour.
  9294 | D:11     | Reached skill level 6 in Throwing
  9306 | D:11     | Found a staircase to the Lair.
  9400 | D:11     | 9400 ||| INVOKING Fiery Armour.
  9409 | D:11     | 9409 ||| READING 6 scrolls of teleportation.
  9413 | D:11     | HP: 3/105 [enormous slime creature (51)]
  9414 | D:11     | 9414 ||| DRINKING 5 potions of heal wounds.
  9717 | D:11     | Noticed a boulder beetle
  9718 | D:11     | 9718 ||| INVOKING Fiery Armour.
  9727 | D:11     | Killed a boulder beetle
  9811 | D:11     | Identified the +7 ring mail "Wiocruq" {rPois rF+ Int+10
                  | Slay-4}
  9814 | D:11     | 9814 ||| Stepping ~*~*~tactically~*~*~ (outnumbered).
  9820 | D:11     | 9820 ||| Stepping ~*~*~tactically~*~*~ (outnumbered).
  9939 | D:11     | Reached skill level 15 in Unarmed Combat
  9939 | D:11     | 9939 ||| Stepping ~*~*~tactically~*~*~ (stealth).
  9941 | D:11     | 9941 ||| Stepping ~*~*~tactically~*~*~ (stealth).
  9945 | D:11     | 9945 ||| Stepping ~*~*~tactically~*~*~ (stealth).
  9948 | D:11     | 9948 ||| FLEEEEING.
  9949 | D:11     | 9949 ||| FLEEEEING.
  9950 | D:11     | 9950 ||| FLEEEEING.
  9954 | D:11     | 9954 ||| STAIRDANCE
  9969 | D:10     | 9969 ||| READING scroll labelled IRPHIXZ MIMISUU.
  9976 | D:11     | Reached skill level 3 in Armour
  9976 | D:11     | 9976 ||| STAIRDANCE
 10081 | D:11     | 10081 ||| PLANNING LAIR
 10122 | Lair:1   | Entered Level 1 of the Lair of Beasts
 10439 | Lair:1   | 10439 ||| Stepping ~*~*~tactically~*~*~ (stealth).
 10451 | Lair:1   | 10451 ||| Stepping ~*~*~tactically~*~*~ (outnumbered).
 10452 | Lair:1   | 10452 ||| Stepping ~*~*~tactically~*~*~ (outnumbered).
 10455 | Lair:1   | 10455 ||| Stepping ~*~*~tactically~*~*~ (outnumbered).
 10456 | Lair:1   | 10456 ||| Stepping ~*~*~tactically~*~*~ (outnumbered).
 10458 | Lair:1   | 10458 ||| Stepping ~*~*~tactically~*~*~ (outnumbered).
 10471 | Lair:1   | Reached skill level 16 in Unarmed Combat
 10679 | Lair:1   | 10679 ||| INVOKING Fiery Armour.
 10681 | Lair:1   | 10681 ||| Stepping ~*~*~tactically~*~*~ (stealth).
 10881 | Lair:1   | Reached XP level 12. HP: 115/115 MP: 12/12
 11022 | Lair:1   | 11022 ||| READING 8 scrolls of identify.
 11022 | Lair:1   | 11022 ||| IDENTIFYING viscous black potion
 11117 | Lair:2   | 11117 ||| Stepping ~*~*~tactically~*~*~ (stealth).
 11128 | Lair:2   | 11128 ||| Stepping ~*~*~tactically~*~*~ (stealth).
 11135 | Lair:2   | Noticed a boulder beetle
 11136 | Lair:2   | 11136 ||| INVOKING Fiery Armour.
 11136 | Lair:2   | Noticed a six-headed hydra
 11143 | Lair:2   | Noticed a death yak
 11144 | Lair:2   | 11144 ||| Stepping ~*~*~tactically~*~*~ (stealth).
 11145 | Lair:2   | Killed a nine-headed hydra
 11153 | Lair:2   | Killed a boulder beetle
 11163 | Lair:2   | 11163 ||| FLEEEEING.
 11164 | Lair:2   | 11164 ||| FLEEEEING.
 11165 | Lair:2   | 11165 ||| FLEEEEING.
 11171 | Lair:2   | 11171 ||| Stepping ~*~*~tactically~*~*~ (outnumbered).
 11174 | Lair:2   | Killed a death yak
 11250 | Lair:2   | 11250 ||| Stepping ~*~*~tactically~*~*~ (stealth).
 11281 | Lair:2   | 11281 ||| INVOKING Fiery Armour.
 11282 | Lair:2   | 11282 ||| Stepping ~*~*~tactically~*~*~ (outnumbered).
 11282 | Lair:2   | You fall into a shaft and drop 1 floor!
 11306 | Lair:3   | 11306 ||| FLEEEEING.
 11307 | Lair:3   | 11307 ||| STAIRDANCE
 11319 | Lair:2   | Reached skill level 17 in Unarmed Combat
 11329 | Lair:2   | Noticed a four-headed hydra
 11336 | Lair:2   | Killed a five-headed hydra
 11431 | Lair:2   | Noticed an eight-headed hydra
 11432 | Lair:2   | 11432 ||| INVOKING Fiery Armour.
 11437 | Lair:2   | Killed a ten-headed hydra
 11465 | Lair:2   | Found a runed translucent gate.
 11465 | Lair:2   | Found a runed translucent gate.
 11484 | Lair:2   | 11484 ||| Stepping ~*~*~tactically~*~*~ (outnumbered).
 11485 | Lair:2   | 11485 ||| Stepping ~*~*~tactically~*~*~ (outnumbered).
 11486 | Lair:2   | 11486 ||| Stepping ~*~*~tactically~*~*~ (outnumbered).
 11487 | Lair:2   | 11487 ||| Stepping ~*~*~tactically~*~*~ (outnumbered).
 11488 | Lair:2   | 11488 ||| Stepping ~*~*~tactically~*~*~ (outnumbered).
 11545 | Lair:2   | 11545 ||| PLANNING TEMPLE
 11743 | Temple   | Entered the Ecumenical Temple
 11996 | Temple   | 11996 ||| PLANNING CONVERSION TO OKAWARU
 11999 | Temple   | Fell from the grace of Ignis
 11999 | Temple   | Became a worshipper of Warmaster Okawaru
 12000 | Temple   | 12000 ||| PLANNING LAIR
 12365 | Lair:2   | 12365 ||| FLEEEEING.
 12366 | Lair:2   | 12366 ||| FLEEEEING.
 12367 | Lair:2   | 12367 ||| FLEEEEING.
 12368 | Lair:2   | 12368 ||| FLEEEEING.
 12369 | Lair:2   | 12369 ||| FLEEEEING.
 12370 | Lair:2   | 12370 ||| FLEEEEING.
 12373 | Lair:2   | 12373 ||| FLEEEEING.
 12386 | Lair:2   | You fall into a shaft and drop 1 floor!
 12388 | Lair:3   | 12388 ||| Stepping ~*~*~tactically~*~*~ (outnumbered).
 12389 | Lair:3   | 12389 ||| Stepping ~*~*~tactically~*~*~ (outnumbered).
 12396 | Lair:3   | 12396 ||| Stepping ~*~*~tactically~*~*~ (outnumbered).
 12397 | Lair:3   | 12397 ||| Stepping ~*~*~tactically~*~*~ (outnumbered).
 12405 | Lair:3   | Reached skill level 18 in Unarmed Combat
 12529 | Lair:3   | Noticed a six-headed hydra
 12533 | Lair:3   | Reached * piety under Okawaru
 12534 | Lair:3   | 12534 ||| INVOKING Heroism.
 12537 | Lair:3   | Killed an eight-headed hydra
 12546 | Lair:3   | 12546 ||| Stepping ~*~*~tactically~*~*~ (hiding).
 12550 | Lair:3   | 12550 ||| INVOKING Heroism.
 12557 | Lair:3   | Reached XP level 13. HP: 79/127 MP: 10/13
 12563 | Lair:3   | 12563 ||| INVOKING Heroism.
 12567 | Lair:3   | HP: 28/127 [boulder beetle (13)]
 12568 | Lair:3   | 12568 ||| READING 6 scrolls of teleportation.
 12569 | Lair:3   | 12569 ||| DRINKING 4 potions of heal wounds.
 12570 | Lair:3   | 12570 ||| Stepping ~*~*~tactically~*~*~ (outnumbered).
 12571 | Lair:3   | 12571 ||| Stepping ~*~*~tactically~*~*~ (outnumbered).
 12572 | Lair:3   | 12572 ||| DRINKING 3 potions of heal wounds.
 12642 | Lair:3   | 12642 ||| INVOKING Heroism.
 12646 | Lair:3   | 12646 ||| Stepping ~*~*~tactically~*~*~ (stealth).
 12651 | Lair:3   | Reached skill level 1 in Invocations
 12654 | Lair:3   | 12654 ||| INVOKING Heroism.
 12680 | Lair:3   | 12680 ||| Stepping ~*~*~tactically~*~*~ (stealth).
 12682 | Lair:3   | 12682 ||| Stepping ~*~*~tactically~*~*~ (stealth).
 12702 | Lair:3   | 12702 ||| INVOKING Heroism.
 12923 | Lair:3   | 12923 ||| DROPPING ring of willpower.
 12982 | Lair:2   | Found a runed translucent gate.
 13075 | Lair:2   | 13075 ||| FLEEEEING.
 13076 | Lair:2   | 13076 ||| FLEEEEING.
 13078 | Lair:2   | 13078 ||| FLEEEEING.
 13080 | Lair:2   | 13080 ||| INVOKING Heroism.
 13081 | Lair:2   | 13081 ||| FLEEEEING.
 13082 | Lair:2   | 13082 ||| FLEEEEING.
 13083 | Lair:2   | 13083 ||| FLEEEEING.
 13084 | Lair:2   | 13084 ||| FLEEEEING.
 13085 | Lair:2   | 13085 ||| FLEEEEING.
 13086 | Lair:2   | 13086 ||| FLEEEEING.
 13087 | Lair:2   | 13087 ||| FLEEEEING.
 13088 | Lair:2   | 13088 ||| FLEEEEING.
 13089 | Lair:2   | 13089 ||| FLEEEEING.
 13090 | Lair:2   | 13090 ||| INVOKING Heroism.
 13115 | Lair:2   | 13115 ||| Stepping ~*~*~tactically~*~*~ (stealth).
 13127 | Lair:2   | 13127 ||| FLEEEEING.
 13129 | Lair:2   | 13129 ||| FLEEEEING.
 13130 | Lair:2   | 13130 ||| FLEEEEING.
 13131 | Lair:2   | 13131 ||| FLEEEEING.
 13132 | Lair:2   | 13132 ||| FLEEEEING.
 13133 | Lair:2   | 13133 ||| FLEEEEING.
 13134 | Lair:2   | 13134 ||| FLEEEEING.
 13135 | Lair:2   | 13135 ||| FLEEEEING.
 13136 | Lair:2   | 13136 ||| FLEEEEING.
 13137 | Lair:2   | 13137 ||| FLEEEEING.
 13138 | Lair:2   | 13138 ||| FLEEEEING.
 13139 | Lair:2   | 13139 ||| FLEEEEING.
 13140 | Lair:2   | 13140 ||| FLEEEEING.
 13142 | Lair:2   | 13142 ||| INVOKING Heroism.
 13164 | Lair:2   | 13164 ||| Stepping ~*~*~tactically~*~*~ (stealth).
 13165 | Lair:2   | 13165 ||| FLEEEEING.
 13167 | Lair:2   | 13167 ||| FLEEEEING.
 13168 | Lair:2   | 13168 ||| FLEEEEING.
 13169 | Lair:2   | 13169 ||| FLEEEEING.
 13170 | Lair:2   | 13170 ||| FLEEEEING.
 13171 | Lair:2   | 13171 ||| FLEEEEING.
 13172 | Lair:2   | 13172 ||| FLEEEEING.
 13173 | Lair:2   | 13173 ||| FLEEEEING.
 13174 | Lair:2   | 13174 ||| FLEEEEING.
 13175 | Lair:2   | 13175 ||| FLEEEEING.
 13176 | Lair:2   | 13176 ||| FLEEEEING.
 13178 | Lair:2   | 13178 ||| FLEEEEING.
 13179 | Lair:2   | 13179 ||| FLEEEEING.
 13180 | Lair:2   | 13180 ||| FLEEEEING.
 13181 | Lair:2   | 13181 ||| FLEEEEING.
 13182 | Lair:2   | 13182 ||| FLEEEEING.
 13183 | Lair:2   | 13183 ||| FLEEEEING.
 13184 | Lair:2   | 13184 ||| STAIRDANCE
 13188 | Lair:2   | 13188 ||| INVOKING Heroism.
 13191 | Lair:2   | Reached skill level 3 in Invocations
 13288 | Lair:2   | Found a snail-covered altar of Cheibriados.
 13295 | Lair:2   | 13295 ||| FLEEEEING.
 13296 | Lair:2   | 13296 ||| FLEEEEING.
 13297 | Lair:2   | 13297 ||| FLEEEEING.
 13298 | Lair:2   | 13298 ||| FLEEEEING.
 13300 | Lair:2   | 13300 ||| FLEEEEING.
 13303 | Lair:2   | 13303 ||| INVOKING Heroism.
 13547 | Lair:2   | Noticed qw's ghost (journeyman TrCA)
 13588 | Lair:2   | 13588 ||| READING 5 scrolls of teleportation.
 13629 | Lair:3   | Found a staircase to the Snake Pit.
 13639 | Lair:3   | 13639 ||| INVOKING Heroism.
 13782 | Lair:3   | Found a staircase to the Swamp.
 14370 | Lair:4   | 14370 ||| INVOKING Heroism.
 14417 | Lair:4   | 14417 ||| Stepping ~*~*~tactically~*~*~ (hiding).
 14592 | Lair:4   | 14592 ||| INVOKING Heroism.
 14599 | Lair:4   | Reached ** piety under Okawaru
 14638 | Lair:4   | 14638 ||| Stepping ~*~*~tactically~*~*~ (outnumbered).
 14647 | Lair:4   | 14647 ||| INVOKING Heroism.
 14866 | Lair:4   | 14866 ||| INVOKING Heroism.
 14880 | Lair:4   | 14880 ||| Stepping ~*~*~tactically~*~*~ (stealth).
 14882 | Lair:4   | 14882 ||| Stepping ~*~*~tactically~*~*~ (stealth).
 14982 | Lair:4   | 14982 ||| INVOKING Heroism.
 14983 | Lair:4   | 14983 ||| Stepping ~*~*~tactically~*~*~ (outnumbered).
 14984 | Lair:4   | 14984 ||| Stepping ~*~*~tactically~*~*~ (outnumbered).
 14985 | Lair:4   | 14985 ||| Stepping ~*~*~tactically~*~*~ (outnumbered).
 15023 | Lair:4   | Found a staircase to the Slime Pits.
 15036 | Lair:4   | 15036 ||| DRINKING 9 potions of curing.
 15036 | Lair:4   | 15036 ||| (to cure confusion)
 15225 | Lair:4   | 15225 ||| INVOKING Heroism.
 15378 | Lair:4   | Found a runed translucent door.
 15531 | Lair:4   | 15531 ||| READING scroll labelled AMAZ NUNESAINN.
 15531 | Lair:4   | Identified a scroll of acquirement
 15531 | Lair:4   | 15531 ||| ACQUIRING amulet "Ucsusmuth" {Reflect *Slow rPois
                  | Regen+ rCorr SH+5}
 15531 | Lair:4   | Acquired the amulet "Ucsusmuth" {Reflect *Slow rPois Regen+
                  | rCorr SH+5}
 15533 | Lair:4   | 15533 ||| UPGRADING to amulet "Ucsusmuth" {Reflect *Slow
                  | rPois Regen+ rCorr SH+5}.
 15575 | Lair:5   | Entered Level 5 of the Lair of Beasts
 15584 | Lair:5   | 15584 ||| STAIRDANCE
 15592 | Lair:4   | You fall into a shaft and drop 1 floor!
 15593 | Lair:5   | 15593 ||| INVOKING Heroism.
 15598 | Lair:5   | 15598 ||| Stepping ~*~*~tactically~*~*~ (stealth).
 15605 | Lair:5   | 15605 ||| Stepping ~*~*~tactically~*~*~ (outnumbered).
 15606 | Lair:5   | 15606 ||| Stepping ~*~*~tactically~*~*~ (outnumbered).
 15607 | Lair:5   | 15607 ||| Stepping ~*~*~tactically~*~*~ (outnumbered).
 15615 | Lair:5   | 15615 ||| Stepping ~*~*~tactically~*~*~ (outnumbered).
 15616 | Lair:5   | 15616 ||| Stepping ~*~*~tactically~*~*~ (outnumbered).
 15617 | Lair:5   | 15617 ||| Stepping ~*~*~tactically~*~*~ (outnumbered).
 15618 | Lair:5   | 15618 ||| Stepping ~*~*~tactically~*~*~ (outnumbered).
 15619 | Lair:5   | 15619 ||| Stepping ~*~*~tactically~*~*~ (outnumbered).
 15622 | Lair:5   | 15622 ||| Stepping ~*~*~tactically~*~*~ (outnumbered).
 15623 | Lair:5   | 15623 ||| INVOKING Heroism.
 15631 | Lair:5   | Reached *** piety under Okawaru
 15643 | Lair:5   | Reached skill level 19 in Unarmed Combat
 15657 | Lair:5   | Reached **** piety under Okawaru
 15661 | Lair:5   | HP: 27/130 [death yak (22)]
 15662 | Lair:5   | 15662 ||| READING 5 scrolls of teleportation.
 15662 | Lair:5   | HP: 7/130 [death yak (18)]
 15662 | Lair:5   | Slain by a death yak

Levels and vault maps discovered:
D:1:      enne_arrival_octagon_isle, layout_basic,
          hellmonk_ecumenical_altar_pennies_from_heaven, grunt_decor_cap
D:2:      layout_basic
D:3:      layout_basic, gammafunk_ghost_abyssal_escape,
          lightli_sewer_entry_pipes, minmay_pentangle
D:4:      layout_basic, serial_shops, nicolae_square_shop, minmay_lizard_king
D:5:      cheibrodos_helix_gallery, layout_basic,
          minmay_temple_entry_mini_moons, gammafunk_ghost_grave, serial_shops,
          shop
D:6:      layout_loops_ring, gammafunk_ghost_cemetery, uniq_blork_the_orc
D:7:      layout_basic, gammafunk_temple_overflow_pools, nicolae_good_shop
D:8:      layout_loops_cross, minmay_misc_feat_diagonals, uniq_maggie
D:9:      layout_small_grid, uniq_psyche
D:10:     layout_cave_pools, david_orc_1_choice, minmay_misc_feat_cross,
          uniq_grum
D:11:     layout_roguey, erik_lair_island, minmay_nine_imps
Temple:   mainiacjoe_temple_big_plus
Lair:1:   layout_loops_ring, grunt_megastairs_2
Lair:2:   nzn_winding_woodlands_three_and_one
          [nzn_winding_woodlands_5x15_concentric,
          nzn_winding_woodlands_5x15_zeroes, nzn_winding_woodlands_5x15_parted,
          nzn_winding_woodlands_center_triple_pond], layout_regular_city,
          gammafunk_ghost_hydra_chop, chequers_serial_rivers_small_a,
          kennysheep_snail_temple
Lair:3:   wander_river, layout_cave_pods, minmay_swamp_entry_wisps,
          guppyfry_snake_entry_garden, portal_ice_cave_rime,
          nicolae_volcano_entry_lava_flow, lemuel_fruit_fields
Lair:4:   gammafunk_lair_enchanted_lake, layout_cave_pods, slime_entry_1
Lair:5:   hangedman_lair_caniforms_friends, layout_loops_ring,
          guppyfry_lair_end_dragon

Skill      XL: |  1  2  3  4  5  6  7  8  9 10 11 12 13 |
---------------+----------------------------------------+-----
Unarmed Combat | 4 5 6 7 9 11 12 14 16 18 19 | 19.0
Throwing       | 1 5 6 7 8 |  8.0
Dodging        | 1 2 3 4 |  4.0
Fighting       | 3 4 5 6 7 8 |  8.8
Armour         | 2 3 |  3.0
Invocations    | 4 |  4.1
Spellcasting   | |  1.0
Fire Magic     | |  2.1

Action                   |  1- 3 |  4- 6 |  7- 9 | 10-12 | 13-15 || total
-------------------------+-------+-------+-------+-------+-------++-------
Melee: Unarmed           |    97 |   217 |   167 |   356 |   152 ||   989
       Punch             |       |     5 |    10 |    27 |    15 ||    57
       Kick              |       |     6 |    45 |   115 |    55 ||   221
       Bite              |       |       |    11 |    41 |    21 ||    73
Throw: Boomerang         |       |    39 |     7 |    29 |     6 ||    81
       Large rock        |       |       |    11 |    67 |    40 ||   118
Invok: Fiery Armour      |       |     1 |     3 |    10 |       ||    14
       Heroism           |       |       |       |     2 |    17 ||    19
  Use: Scroll            |     6 |     8 |    10 |     4 |     4 ||    32
       Potion            |       |     1 |     4 |     2 |     3 ||    10
 Stab: Distracted        |       |       |       |     1 |       ||     1
       Sleeping          |       |       |       |     1 |       ||     1
Armor: Robe              |    24 |    72 |    39 |    15 |       ||   150
       Acid dragon scale |       |       |       |    93 |    58 ||   151
       Skin              |       |       |       |     2 |       ||     2
Dodge: Dodged            |    33 |    74 |    42 |   113 |    45 ||   307
Block: Other             |       |     2 |    29 |    44 |    46 ||   121

Table legend:
 A = Non-vault XP
 B = Vault XP
 C = Vault XP percentage of total XP
 D = Non-vault monster count
 E = Vault monster count
 F = Vault count percentage of total count
                 A         B        C        D         E       F
            +---------+---------+-------+---------+---------+-------
      Total |   47680 |   14983 |  23.9 |     319 |      88 |  21.6
            +---------+---------+-------+---------+---------+-------
        D:1 |      37 |       0 |   0.0 |      21 |       0 |   0.0
        D:2 |      82 |       0 |   0.0 |      23 |       0 |   0.0
        D:3 |     100 |     170 |  63.0 |      21 |      16 |  43.2
        D:4 |      87 |      43 |  33.1 |      11 |       8 |  42.1
        D:5 |     559 |      45 |   7.5 |      27 |       2 |   6.9
        D:6 |     755 |     100 |  11.7 |      11 |       1 |   8.3
        D:7 |    1843 |       0 |   0.0 |      33 |       0 |   0.0
        D:8 |    1827 |     424 |  18.8 |      21 |       1 |   4.5
        D:9 |    1918 |     391 |  16.9 |      15 |       1 |   6.2
       D:10 |    1172 |    1145 |  49.4 |      16 |      12 |  42.9
       D:11 |    4856 |    1322 |  21.4 |      19 |      18 |  48.6
     Lair:1 |    4876 |     147 |   2.9 |      16 |       1 |   5.9
     Lair:2 |    5812 |    7873 |  57.5 |      24 |      19 |  44.2
     Lair:3 |    7238 |    1434 |  16.5 |      21 |       4 |  16.0
     Lair:4 |    5538 |    1889 |  25.4 |      24 |       5 |  17.2
     Lair:5 |   10980 |       0 |   0.0 |      16 |       0 |   0.0
            +---------+---------+-------+---------+---------+-------
